Cogmind - Beta 9.6 @@@ ROGUE MODE // 2020.06.10 @ 07:48:39 Player: Ben'n'Dan Result: Destroyed by DAS Turret with DAS Cannon Performance ------------- Evolutions (1) 500 Regions Visited (5) 1000 Robots Destroyed (13) 65 Value Destroyed (76) 76 Prototype IDs (1) 20 Alien Tech Used (0) 0 Bonus (-14) -14 TOTAL SCORE: 1647 Bonus ------- Friendly Fire -14 Cogmind --------- Core Integrity 0/400 Matter 258/300 Energy 98/100 System Corruption 0% Temperature Cool (0) Movement Core (50) Location -9/Exiles Parts ------- > --- POWER (2) -------- (None) > --- PROPULSION (3) --- (None) > --- UTILITY (2) ------ Improved Signal Interpreter > --- WEAPON (2) ------- (None) > --- INVENTORY (4) ---- Ion Engine VTOL Module Peak State ------------ > --- POWER ------------ Light Ion Engine Light Ion Engine > --- PROPULSION ------- Flight Unit Flight Unit Flight Unit > --- UTILITY ---------- Improved Signal Interpreter > --- WEAPON ----------- Improved EM Shotgun Heavy Rocket Launcher > --- INVENTORY -------- Ion Engine VTOL Module Light Assault Rifle Autogun [Rating: 14] Favorites ----------- Power Light Ion Engine Engine Light Ion Engine Propulsion Flight Unit Flight Unit Flight Unit Utility Improved Signal Interpreter Processor Improved Signal Interpreter Weapon Light Assault Rifle Energy Gun Improved EM Shotgun Ballistic Gun Light Assault Rifle Launcher Heavy Rocket Launcher Build | -11 -10 -10 -9 -9 -9 ------- Run | Scr Mat Min Mat Min Exi Slots Evolved 2 | . . . 2 . . Power 1 | . . . 1 . . Propulsion 1 | . . . 1 . . Utility . | . . . . . . Weapon . | . . . . . . Parts Attached 25 | 2 . 5 11 3 4 Power 4 | . . 1 3 . . Engine 4 | . . 1 3 . . Core . | . . . . . . Reactor . | . . . . . . Propulsion 6 | . . 3 2 1 . Treads . | . . . . . . Leg . | . . . . . . Wheel . | . . . . . . Hover . | . . . . . . Flight 6 | . . 3 2 1 . Utility 2 | . . 1 1 . . Device . | . . . . . . Storage . | . . . . . . Processor 2 | . . 1 1 . . Hackware . | . . . . . . Protection . | . . . . . . Artifact . | . . . . . . Weapon 13 | 2 . . 5 2 4 Energy Gun 3 | . . . 2 . 1 Energy Cannon . | . . . . . . Ballistic Gun 9 | 2 . . 3 2 2 Ballistic Cannon . | . . . . . . Launcher 1 | . . . . . 1 Special Weapon . | . . . . . . Impact Weapon . | . . . . . . Slashing Weapon . | . . . . . . Piercing Weapon . | . . . . . . Special Melee Weapon . | . . . . . . Unidentified Prototypes 1 | . . . 1 . . Parts Lost 11 | . . 1 1 . 9 Power 2 | . . . . . 2 Propulsion 5 | . . 1 1 . 3 Utility . | . . . . . . Weapon 4 | . . . . . 4 Highest Loss Streak 9 | . . 1 1 . 9 Average Slot Usage (%) 69 | . 28 46 83 88 58 Engine 15 | . . 5 22 22 13 Flight 24 | . . 11 31 33 19 Processor 8 | . . 1 11 11 11 Energy Gun 1 | . . . 2 . 3 Ballistic Gun 20 | . 28 28 16 22 9 Naked Turns . | . . . . . . Heaviest Build 12 | 3 3 8 12 11 12 Greatest Support 12 | 3 3 8 12 12 12 Greatest Overweight (x) . | . . . . . . Average Overweight (x) . | . . . . . . Largest Inventory Capacity 4 | 4 4 4 4 4 4 Average Capacity 4 | 4 4 4 4 4 4 Most Carried 4 | 2 2 4 4 4 4 Average Carried 3 | 1 2 2 2 4 3 Final Capacity 4 | 4 4 4 4 4 4 Final Carried 4 | 2 2 2 4 4 2 Class Distribution -------------------- 52% | Scavenger-Mutant 47% | Mutant Dominant Class ---------------- Mutant | -10/Materials Mutant | -10/Mines Scavenger-Mutant | -9/Materials Scavenger-Mutant | -9/Mines Scavenger-Mutant | -9/Exiles Resources | -11 -10 -10 -9 -9 -9 ----------- Run | Scr Mat Min Mat Min Exi Matter Collected 472 | 218 . 58 122 67 7 Remotely . | . . . . . . Salvage Created 210 | . . 46 135 . 29 Parts 15 | . . 4 11 . . Haulers Intercepted . | . . . . . . Recyclers Shooed . | . . . . . . Parts Field Recycled . | . . . . . . Retrieved Matter . | . . . . . . Parts Self-Destructed . | . . . . . . Prevented . | . . . . . . Kills | -11 -10 -10 -9 -9 -9 ------- Run | Scr Mat Min Mat Min Exi Combat Hostiles Destroyed 12 | . . 3 4 . 5 Guns 7 | . . 3 4 . . AOE 5 | . . . . . 5 Classes Destroyed 3 | . . 1 1 . 1 Recycler 1 | . . . 1 . . Swarmer 7 | . . 3 4 . . Assembled 5 | . . . . . 5 Best Kill Streak 5 | . . 3 4 . 5 Combat Bots Only 5 | . . 3 4 . 5 Max Kills in Single Turn 4 | . . 1 1 . 4 Gunslinging . | . . . . . . Exploded 4 | . . . . . 4 Melee . | . . . . . . Uniques/NPCs Destroyed . | . . . . . . Combat | -11 -10 -10 -9 -9 -9 -------- Run | Scr Mat Min Mat Min Exi Damage Taken 1143 | . . 170 145 . 828 Core 511 | . . 49 16 . 446 Absorbed by Shields . | . . . . . . Core Remaining (%) 90 | 100 . 80 . . . Volleys Fired 26 | . . 4 9 3 10 Largest 2 | . . 2 2 2 2 Hottest 84 | . . 40 65 43 84 Shots Fired 50 | . . 8 18 6 18 Gun 48 | . . 8 18 6 16 Cannon . | . . . . . . Launcher 2 | . . . . . 2 Special . | . . . . . . Kinetic 33 | . . 8 11 6 8 Thermal . | . . . . . . Explosive 2 | . . . . . 2 Electromagnetic 15 | . . . 7 . 8 Robot Hit Streak 10 | . . 2 5 5 10 Robot Miss Streak 2 | . . 2 1 1 1 Penetration Max . | . . . . . . Secondary Targets . | . . . . . . Shots Hit Robots 34 | . . 3 10 5 16 Core Hits 20 | . . 3 6 1 10 Critical Hits . | . . . . . . Critical Kills . | . . . . . . Critical Parts Destroyed . | . . . . . . Melee Attacks . | . . . . . . Impact . | . . . . . . Slashing . | . . . . . . Piercing . | . . . . . . Sneak Attacks . | . . . . . . Combat Hostiles . | . . . . . . Follow-up Attacks . | . . . . . . Damage Inflicted 638 | . . 35 107 45 451 Guns 320 | . . 35 107 45 133 Cannons . | . . . . . . Explosions 318 | . . . . . 318 Melee . | . . . . . . Ramming . | . . . . . . Kinetic 244 | . . 35 68 45 96 Thermal . | . . . . . . Explosive 318 | . . . . . 318 Electromagnetic 76 | . . . 39 . 37 Impact . | . . . . . . Slashing . | . . . . . . Piercing . | . . . . . . Highest Corruption 1 | . . 1 . . . Average Corruption 1 | . . 1 . . . Corruption Purged . | . . . . . . Overload Shots . | . . . . . . Overflow Damage 18 | . . . . . 18 Projectiles . | . . . . . . Explosions 18 | . . . . . 18 Melee . | . . . . . . Knockbacks . | . . . . . . Impact . | . . . . . . Kinetic . | . . . . . . Secondary . | . . . . . . Self-Inflicted Damage 62 | . . . . . 62 Shots 1 | . . . . . 1 Rammed . | . . . . . . Targets Rammed . | . . . . . . Kicked . | . . . . . . Crushed . | . . . . . . Highest Temperature 196 | . . . 109 18 196 Average Temperature 76 | . . . 47 10 119 Received Heat Transfer 44 | . . . 24 . 20 Siege Activations . | . . . . . . Robots Corrupted . | . . . . . . Combat Hostiles . | . . . . . . Parts Fried . | . . . . . . Impact Corruptions . | . . . . . . Robots Melted . | . . . . . . Combat Hostiles . | . . . . . . Parts Melted . | . . . . . . Heat Transferred . | . . . . . . Parts Sabotaged . | . . . . . . Parts Stolen . | . . . . . . Parts Stripped . | . . . . . . Power Chain Reactions . | . . . . . . Missiles Intercepted . | . . . . . . Alert | -11 -10 -10 -9 -9 -9 ------- Run | Scr Mat Min Mat Min Exi Peak Influence 137 | . . 85 137 53 . Average Influence 54 | . . 32 94 53 . Maximum Alert Level . | . . . . . . Low Security (%) 100 | 100 100 100 100 100 . Level 1 . | . . . . . . Level 2 . | . . . . . . Level 3 . | . . . . . . Level 4 . | . . . . . . Level 5 . | . . . . . . High Security . | . . . . . . Max Security . | . . . . . . Squads Dispatched 1 | . . . . 1 . Investigation 1 | . . . . 1 . Extermination . | . . . . . . Reinforcement . | . . . . . . Assault . | . . . . . . Garrison . | . . . . . . Intercept . | . . . . . . Construction Impeded . | . . . . . . Haulers Reinforced . | . . . . . . Stealth | -11 -10 -10 -9 -9 -9 --------- Run | Scr Mat Min Mat Min Exi Distress Signals 1 | . . . 1 . . Communications Jammed . | . . . . . . Distress Signals . | . . . . . . Times Spotted 46 | . . 20 13 4 9 Peak Tracking Total 16 | . . 16 7 2 9 Tactical Retreats 6 | . . 3 1 1 1 Traps | -11 -10 -10 -9 -9 -9 ------- Run | Scr Mat Min Mat Min Exi Traps Triggered . | . . . . . . Indirectly . | . . . . . . Trap Hack Attempts . | . . . . . . Triggered . | . . . . . . Disarmed . | . . . . . . Reprogrammed . | . . . . . . Reused . | . . . . . . Traps Extracted . | . . . . . . Installed . | . . . . . . Triggered . | . . . . . . Machines | -11 -10 -10 -9 -9 -9 ---------- Run | Scr Mat Min Mat Min Exi Machines Disabled 2 | . . . . . 2 Max in Single Turn 1 | . . . . . 1 Machines Sabotaged . | . . . . . . Garrisons Compromised . | . . . . . . Overloaded Fab Kills . | . . . . . . Fab Network Shutdowns . | . . . . . . Hacking | -11 -10 -10 -9 -9 -9 --------- Run | Scr Mat Min Mat Min Exi Machines Accessed 3 | . . . 2 1 . Terminals 2 | . . . 2 . . Fabricators . | . . . . . . Repair Stations . | . . . . . . Recycling Units . | . . . . . . Scanalyzers . | . . . . . . Garrison Access . | . . . . . . Total Hacks 6 | . . . 5 1 . Successful 2 | . . . 1 1 . Failed 4 | . . . 4 . . Catastrophic . | . . . . . . Database Lockouts . | . . . . . . Manual 3 | . . . 3 . . Terminals 5 | . . . 5 . . Fabricators . | . . . . . . Repair Stations . | . . . . . . Recycling Units . | . . . . . . Scanalyzers . | . . . . . . Garrison Access . | . . . . . . Terminal Hacks 2 | . . . 1 1 . Open Door 1 | . . . . 1 . Branch Access Points 1 | . . . 1 . . Fabricator Hacks . | . . . . . . Repair Station Hacks . | . . . . . . Recycling Unit Hacks . | . . . . . . Scanalyzer . | . . . . . . Garrison Access Hacks . | . . . . . . Unauthorized Hacks . | . . . . . . Terminals . | . . . . . . Fabricators . | . . . . . . Repair Stations . | . . . . . . Recycling Units . | . . . . . . Scanalyzers . | . . . . . . Garrison Access . | . . . . . . Data Cores Recovered . | . . . . . . Used . | . . . . . . Hacking Detections 2 | . . . 2 . . Full Trace Events 1 | . . . 1 . . Feedback Events . | . . . . . . Feedback Blocked . | . . . . . . Robot Schematics Acquired . | . . . . . . Robots Built . | . . . . . . Matter . | . . . . . . Time . | . . . . . . Total Robot Build Rating . | . . . . . . Part Schematics Acquired . | . . . . . . Parts Built . | . . . . . . Matter . | . . . . . . Time . | . . . . . . Total Part Build Rating . | . . . . . . Parts Repaired . | . . . . . . Time . | . . . . . . Parts Recycled . | . . . . . . Recycled Matter . | . . . . . . Retrieved Matter . | . . . . . . Retrieved Components . | . . . . . . Parts Scanalyzed . | . . . . . . Part Schematics Acquired . | . . . . . . Parts Damaged . | . . . . . . Bothacking | -11 -10 -10 -9 -9 -9 ------------ Run | Scr Mat Min Mat Min Exi Used RIF Installer . | . . . . . . Robots Hacked . | . . . . . . Non-combat . | . . . . . . Combat . | . . . . . . Robot Hacks Applied . | . . . . . . Relay Couplers Released . | . . . . . . Robots Rewired . | . . . . . . Allies Hacked . | . . . . . . Hacks Repelled . | . . . . . . Allies | -11 -10 -10 -9 -9 -9 -------- Run | Scr Mat Min Mat Min Exi Total Allies 4 | . . . . 4 . Largest Group 4 | . . . . 4 4 Highest-Rated Group 71 | . . . . 71 71 Highest-Rated Ally 31 | . . . . 31 31 Total Orders . | . . . . . . Ally Attacks 14 | . . . . . 14 Total Damage 37 | . . . . . 37 Kills . | . . . . . . Allies Corrupted . | . . . . . . Allies Melted . | . . . . . . Intel | -11 -10 -10 -9 -9 -9 ------- Run | Scr Mat Min Mat Min Exi Robot Analysis Total . | . . . . . . Derelict Logs Recovered 2 | . . 1 . 1 . Drone Launches . | . . . . . . Drone Recoveries . | . . . . . . Exploration | -11 -10 -10 -9 -9 -9 ------------- Run | Scr Mat Min Mat Min Exi Turns Passed 548 | 24 8 132 118 158 108 Spaces Moved 876 | 37 15 241 200 266 117 Core 254 | 37 15 128 . . 74 Treads . | . . . . . . Legs . | . . . . . . Wheels . | . . . . . . Hover . | . . . . . . Flight 622 | . . 113 200 266 43 Fastest Speed 34 | 50 50 37 34 34 34 Average Speed 39 | 50 50 43 34 34 44 Slowest Speed 50 | 50 50 50 37 34 50 Overloaded Moves . | . . . . . . Propulsion Burnouts . | . . . . . . Robots Hopped 13 | . . 2 8 3 . Cave-ins Triggered . | . . . . . . Exploration Rate (%) 34 | 3 8 61 33 60 43 Regions Visited 5 Branch Regions 3 Pre-discovered Areas 2 | . . 2 . . . Known Exits Taken 3 | . . 1 1 1 . Unknown Exits Taken 2 | 1 1 . . . . Scrap Searched 2 | . . 1 . 1 . Spaces Dug . | . . . . . . Terrain Destroyed 39 | . . . . . 39 Melee . | . . . . . . Projectile . | . . . . . . AOE 39 | . . . . . 39 Actions | -11 -10 -10 -9 -9 -9 --------- Run | Scr Mat Min Mat Min Exi Total 1017 | 40 14 255 227 325 156 Wait 85 | . . 6 1 53 25 Move 848 | 36 14 237 185 259 117 Hop 10 | . . 1 6 3 . Pick Up 10 | 2 . 2 5 1 . Fast Attach 11 | 2 . 3 5 1 . Attach 8 | . . 2 4 . 2 Detach 3 | . . . 3 . . Swap 6 | . . . 2 2 2 Drop 10 | . . . 7 3 . Fire 26 | . . 4 9 3 10 Melee . | . . . . . . Ram . | . . . . . . Kick . | . . . . . . Crush . | . . . . . . Escape Stasis . | . . . . . . Rewire . | . . . . . . Trap . | . . . . . . Miscellaneous . | . . . . . . Route ------- -11/Scrapyard -10/Materials -10/Mines -9/Materials (discovered 2 exits: *Min x2) -9/Mines (discovered 2 exits: *Mat / *Exi) -9/Exiles History --------- Turn | Location | Event 10 | -11/Scrapyard | Discovered new exit (range 16) 25 | -11/Scrapyard | Entered Materials 27 | -10/Materials | Discovered new exit (range 10) 33 | -10/Materials | Entered Mines 34 | -10/Mines | Assembled infested the area 133 | -10/Mines | Learned location of Storage (-7) 160 | -10/Mines | Discovered new exit (range 10) 164 | -10/Mines | Identified exit to Materials 165 | -10/Mines | Entered Materials 165 | -9/Materials | Evolved 2 slots: Power x1, Propulsion x1 244 | -9/Materials | Identified exit to Mines 283 | -9/Materials | Entered Mines 297 | -9/Mines | Learned Materials garrison access intel 309 | -9/Mines | Met a Derelict shopkeep closing up shop 385 | -9/Mines | Discovered new exit (range 9) 388 | -9/Mines | Identified exit to Materials 389 | -9/Mines | Assisted by bots powering up and referring to "LRC-V3" 396 | -9/Mines | Found a hidden stash of uninstalled traps 402 | -9/Mines | Received a Mining Laser from a helpful Derelict 406 | -9/Mines | Deemed a non-threat by the Exiles lab entrance 406 | -9/Mines | Discovered new exit (range 5) 424 | -9/Mines | Identified exit to Exiles 441 | -9/Mines | Entered Exiles 441 | -9/Exiles | Accompanied by 4 allies 455 | -9/Exiles | Met 8R-AWN 484 | -9/Exiles | Attacked by the Exiles 514 | -9/Exiles | Core integrity fell below 50% 542 | -9/Exiles | Lost 9 parts (2p3n4w) 549 | -9/Exiles | Core integrity fell below 20% 549 | -9/Exiles | Destroyed by DAS Turret with DAS Cannon Last Messages --------------- 00509_ Penetrated by HV Slug. 00509_ Critical hit. 00509_ Flight Unit destroyed. 00509_ HV Slug penetrates Earth. 00509_ Penetrated by HV Slug. 00509_ HV Slug penetrates Earth. 00509_ Flight Unit destroyed. 00511_ Penetrated by HV Slug. 00511_ HV Slug penetrates Earth. 00511_ Penetrated by HV Slug. 00511_ Critical hit. 00511_ Lgt. Assault Rifle destroyed. 00511_ HV Slug penetrates Earth. 00513_ Penetrated by HV Slug. 00513_ HV Slug penetrates Wall. 00514_ Acquired 7 matter. 00515_ The unstable cave ceiling collapses. 00542_ Machine disabled. 00544_ HV Slug penetrates Machine. 00547_ Penetrated by HV Slug. Map ----- +----------------------------------------------------+ | ????????????????????????????????## ###"" """"# | | ????????????????????????????????#" """"# | | ????????????????????????????????#" """# | | ????????????????????????????????#" """# | | ????????????????????????????????#" """# | | ????????????????????????????????#" """# | | ????????????????????????????????#" """# | | ????????????????????????????????## """" | | ?????????????????????????????????# """# | | ?????????????????????????????????#" "X" """" | | ?????????????????????????????????#" """ # | | ??????????????????? ?????????????#" """""""""# | | ???????????????????" ???????????##" ########### | | ???????????????????# ?????????##" #?????????? | | ?????????????????### ##??###### " #?????????? | | ??????????????####X# #"###""""" ##????????? | | ????????????? """""" " "" ##???##### | | ????????????? "" """ " #####"""" | | ???????????? " " "" | | ???????????? "" | | ???????????? " | | ??????????? | | ??????????? | | ????????????" | | ?????????????"" """""" | | ???????????#" @ ######""" | | ???????????"" ""##????#####""" | | ????????????"" """##?????????##""" | | ????????????" """##???????????#"""" | | ????????????" ""#????????????#"" | | ???????????? ##?????????????""" | | ????????????" ?????????????? | | ???????????? ????????????? | | ?????????????t ????????????? | | ?????????????"" ????????????? | | ?????????????? ??????????????? " | | ?????????????? ? ???????????????? " | | ???????????????? ? ??????????????????? " " "" | | ?????????????????? ?????????????????????????"" "?? | | ?????????????????????????????????????????????????? | | ?????????????????????????????????????????????????? | | ?????????????????????????????????????????????????? | | ?????????????????????????????????????????????????? | | ?????????????????????????????????????????????????? | | ?????????????????????????????????????????????????? | | ?????????????????????????????????????????????????? | | ?????????????????????????????????????????????????? | | ?????????????????????????????????????????????????? | | ?????????????????????????????????????????????????? | | ?????????????????????????????????????????????????? | +----------------------------------------------------+ Best States ------------- Heat Dissipation 28 Energy Generation 15 Energy Capacity 400 Matter Stores 300 Matter Capacity 300 Sight Range 16 Terrain Scan Density 10 Evasion (%) 63 Item Schematics ----------------- None Robot Schematics ------------------ None Fabricated ------------ Nothing Alien Tech Used ----------------- None Achievements -------------- None Challenges ------------ None Game ------ Seed CoreFusionEngine Manual? 0 Play Time 00:09:22 Cumulative 122.9 hours Start 2020.06.10 @ 07:40:42 End 2020.06.10 @ 07:48:39 Sessions 1 Manual Loads 0 Difficulty Rogue Special Mode None Game No. 301 Rogue 293 Adventurer 8 Explorer 0 Win Type - Total 8 Types 5/0/2/1/0/0/0 Lore% 77 Gallery% 79 Achievement% 58 Wizard Run 0 Options --------- ASCII 0 Keyboard 0 Movement Mouse Keybinds 0 Fullscreen 1 Font 12/Smallcaps Map View 83x54 Tactical HUD 1 Map Filters NONE Filters NONE Steam 1 RUN: 3cb49b1b-c91f-445a-b38f-2ec68d9b812f